 Dungeon Crawl Stone Soup version 0.20-a0-1017-gc3250ce (webtiles) character file.

41 4thArraOfDagon the Firebug (level 3, -1/36 HPs)
             Began as a Barachi Fire Elementalist on Apr 16, 2017.
             Succumbed to a worker ant's poison
             ... on level 4 of the Dungeon.
             The game lasted 00:02:35 (484 turns).

4thArraOfDagon the Firebug (BaFE)                    Turns: 484, Time: 00:02:36

Health: -1/36      AC: 21    Str:  6 (9)  XL:     3   Next: 52%
Magic:  1/6        EV:  2    Int: 13 (16) God:
Gold:   63         SH:  0    Dex:  9 (12) Spells: 3/7 levels left

rFire    . . .     SeeInvis .   m - +0 club
rCold    . . .     Gourm    .   (no shield)
rNeg     + + +     Faith    .   (armour currently unavailable)
rPois    +         Spirit   .   (helmet currently unavailable)
rElec    .         Reflect  .   (cloak currently unavailable)
rCorr    .         Harm     .   (gloves currently unavailable)
MR       .....     NoTele   +   (boots currently unavailable)
Stlth    ++........             (no amulet)
Regen    0.2/turn               (no ring)
MPRegen  0.1/turn               (no ring)

@: lethally poisoned (-1 -> -21), tree-form, invisible
A: +LOS, swims, low mp 1, wild magic 1
a: no special abilities


You were on level 4 of the Dungeon.
You were not hungry.
You were a tree.
You visited 1 branch of the dungeon, and saw 5 of its levels.

You collected 63 gold pieces.

Inventory:

Hand Weapons
 m - a +0 club (weapon)
Armour
 a - a +0 robe (melded)
Wands
 o - a wand of lightning (4/15)
Scrolls
 d - 2 scrolls of magic mapping {unknown}
 e - a scroll of enchant armour {unknown}
 i - 3 scrolls of identify {unknown}
 k - a scroll of teleportation {unknown}
 n - a scroll of remove curse {unknown}
 q - a scroll of immolation {unknown}
Potions
 j - a potion of mutation
Books
 b - a book of Flames

   Spells                             Type                      Level
   a - Flame Tongue                   Conjuration/Fire             1
   b - Throw Flame                    Conjuration/Fire             2
   c - Conjure Flame                  Conjuration/Fire             3
   d - Inner Flame                    Hexes/Fire                   3
   e - Sticky Flame                   Conjuration/Fire             4
   f - Fireball                       Conjuration/Fire             5
Comestibles
 c - a bread ration
 f - a meat ration
 h - 2 royal jellies


   Skills:
 - Level 2.1 Dodging
 - Level 1.7 Stealth
 + Level 2.5 Spellcasting
 * Level 2.3 Conjurations
 * Level 4.1 Fire Magic


You had 3 spell levels left.
You knew the following spells:

 Your Spells              Type           Power        Failure   Level  Hunger
a - Flame Tongue          Conj/Fire      ##...        14%         1    #......
b - Conjure Flame         Conj/Fire      ##......     28%         3    ###....


Dungeon Overview and Level Annotations

Branches:
Dungeon (5/15)
 Temple: D:4-7

Altars:
Gozag

Shops:
D:3 *   D:5 !

Annotations:
D:4 4thArraOfDagon's ghost, weakling BaFE


Innate Abilities, Weirdness & Mutations

Shadows flee at your approach. (+LOS)
You can swim through water.
((You cover ground slowly.))
((You can hop short distances.))
((You have a pair of small horns on your head.))
((You are partially covered in yellow scales. (AC +2)))
Your magical capacity is low. (-10% MP)
Your spells are a little harder to cast, but a little more powerful.


Message History

* * * LOW HITPOINT WARNING * * *
You are more poisoned.
The worker ant poisons you!
It was a potion of degeneration.
There was something very wrong with that liquid.
You feel weakened.
You feel dopey.
You feel clumsy.
* * * LOW HITPOINT WARNING * * *
You feel sick.
The worker ant bites you but does no damage.
Unknown command.
It was a potion of lignification.
You turn into a tree.
Your +0 robe melds into your body.
Your roots penetrate the ground.
* * * LOW HITPOINT WARNING * * *
You feel sick. The worker ant bites you.
* * * LOW HITPOINT WARNING * * *
The worker ant bites you but does no damage.
Unknown command.
It was a potion of invisibility.
You fade into invisibility!
You die...

#.....###....#
#............# ###
##...#####....# #.## #
#....# ##..### #..# ...
#.#.## #....#####..#
.....###...#
#..##....##..###
..!.......##
#.######........
.....###..#######.####
####...##
..............a♣.....#
#.#..#
.....#!...#####...##.#
##.##.# ..........#
#.### .#####..#... .
#........ ...
............ .......#...
#.## #####.#....
.....#..#.#.# #.####
#....### .............
....... #.#.##
.......##.............
##.#.# .##.##.
#W#...........##....##..


You could see a worker ant.

Vanquished Creatures
  Jessica (D:3)
  An adder (D:2)
  A leopard gecko (D:3)
  2 bats
  3 rats
8 creatures vanquished.

Notes
Turn   | Place    | Note
-------+----------+-------------------------------------------
     0 | D:1      | 4thArraOfDagon the Barachi Fire Elementalist began the quest for the Orb.
     0 | D:1      | Reached XP level 1. HP: 13/13 MP: 3/3
    81 | D:2      | Reached XP level 2. HP: 10/19 MP: 0/5
   130 | D:3      | Found an opulent altar of Gozag.
   130 | D:3      | Found Gozag's Platinum Reserve.
   286 | D:3      | Noticed Jessica
   298 | D:3      | Killed Jessica
   298 | D:3      | Reached skill level 4 in Fire Magic
   298 | D:3      | Reached XP level 3. HP: 12/24 MP: 0/6
   330 | D:3      | Learned a level 3 spell: Conjure Flame
   350 | D:4      | Noticed 4thArraOfDagon's ghost (weakling BaFE)
   472 | D:5      | Entered Level 5 of the Dungeon
   472 | D:5      | Found Qyfofo's Distillery.
   481 | D:4      | Gained mutation: Your spells are a little harder to cast, but a little more powerful. [potion of mutation]
   481 | D:4      | Gained mutation: You are partially covered in yellow scales. (AC +2) [potion of mutation]
   481 | D:4      | Gained mutation: Your magical capacity is low. (-10% MP) [potion of mutation]
   481 | D:4      | Gained mutation: You have a pair of small horns on your head. [potion of mutation]
   483 | D:4      | HP: 1/36 [worker ant (1)]
   484 | D:4      | Succumbed to a worker ant's poison

Vault maps used:
D:1:      dpeg_arrival_simpleton_a, nicolae_ashenzari_panopticon
D:3:      nicolae_gozag_zags_fifth_avenue, uniq_jessica
D:4:      first_bread, uniq_blork_the_orc
D:5:      gammafunk_temple_overflow_elements, temple_statues, serial_shops,
          nicolae_shop_temple_entry_statues_fountains,
          cheibrodos_sewer_entry_bend, st_stairs_1, serial_bayou_pond_a

Skill      XL: |  1  2 |
---------------+-------+-----
Conjurations   | 2 |  2.3
Fire Magic     | 4 |  4.1
Dodging        | |  2.1
Stealth        | |  1.7
Spellcasting   | |  2.5

Action                   || total
-------------------------++-------
Melee: Unarmed           ||    10
       Club              ||     1
 Cast: Flame Tongue      ||    22
 Abil: Hop               ||     1
  Use: Potion            ||     4
Armor: Robe              ||     5
       Skin              ||     1
Dodge: Dodged            ||    27
